 Dungeon Crawl Stone Soup version 0.27-a0-808-g60bc5d92e6 (console) character file.

Game seed: 12549882192862130273

1936 jejorda2 the Spear-Bearer (level 9, -4/69 HPs)
             Began as a Merfolk Berserker on Mar 28, 2021.
             Was a Priest of Trog.
             Slain by a gnoll sergeant
             ... wielding a +2 spear of distortion
              (9 damage)
             ... on level 6 of the Dungeon.
             The game lasted 00:12:46 (5793 turns).

jejorda2 the Spear-Bearer (Merfolk Berserker)       Turns: 5793, Time: 00:12:46

Health: -4/69      AC: 19    Str: 20    XL:     9   Next: 18%
Magic:  9/9        EV:  8    Int:  6    God:    Trog [***...]
Gold:   175        SH:  0    Dex: 14    Spells: 8/8 levels left

rFire    . . .     SeeInvis .   a - +0 trident
rCold    . . .     Faith    .   (no shield)
rNeg     . . .     Spirit   .   r - +0 chain mail
rPois    +         Reflect  .   v - +2 helmet
rElec    .         Harm     .   (no cloak)
rCorr    .         Rampage  .   (no gloves)
Will     .....                  m - +1 pair of boots
Stlth    ..........             (no amulet)
HPRegen  0.21/turn              d - +4 ring of protection
MPRegen  0.11/turn              b - ring of poison resistance

@: berserk cooldown, slowed, very slow
A: (nimble swimmer 2), mertail
a: Renounce Religion, Berserk, Trog's Hand


You were on level 6 of the Dungeon.
You worshipped Trog.
Trog was most pleased with you.
You visited 1 branch of the dungeon, and saw 6 of its levels.
You visited the Abyss 1 time.

You collected 175 gold pieces.

Inventory:

Hand Weapons
 a - a +0 trident (weapon)
Missiles
 q - 8 javelins
 s - 38 poisoned darts (quivered)
Armour
 h - a +1 leather armour of cold resistance
 m - a +1 pair of boots (worn)
 r - a +0 chain mail (worn)
 v - a +2 helmet (worn)
Jewellery
 b - a ring of poison resistance (right hand)
 d - a +4 ring of protection (left hand)
 t - a ring of see invisible
Wands
 e - a wand of random effects (6)
 j - a wand of digging (3)
 w - a wand of flame (6)
Scrolls
 c - 4 scrolls of teleportation
 f - 2 scrolls of magic mapping
Potions
 i - 2 potions of mutation
 k - a potion of curing
 l - a potion of magic
 o - a potion of attraction
 u - a potion of invisibility
 x - 2 potions of flight


   Skills:
 - Level 6.0 Fighting
 * Level 12.7 Polearms
 + Level 4.9 Armour
 - Level 2.6 Dodging


You had 8 spell levels left.
You didn't know any spells.
Your spell library was empty.

Dungeon Overview and Level Annotations

Branches:
Dungeon (6/15)             Temple (0/1) D:5

Altars:
Elyvilon
Fedhas
Okawaru
Uskayaw
Yredelemnul
Zin
The Shining One


Innate Abilities, Weirdness & Mutations

((You are quick and stealthy near water. (Stealth+, EV+, Speed+++)))
Your lower body shifts to a powerful aquatic tail in water.


Message History

You are exhausted.
You feel yourself slow down.
Aiming: Random Effects
Press: ? - help, Shift-Dir - straight line, f/p - gnoll sergeant
Aim: a gnoll sergeant, wielding a +2 spear of distortion, wearing a +0 scale mail and wearing a +0 buckler (severely wounded)
The gnoll sergeant seems to grow stronger.
The gnoll sergeant hits you from afar with a +2 spear of distortion! x2
Space bends around you.
Aiming: Throw Flame
Press: ? - help, Shift-Dir - straight line, f/p - gnoll sergeant
Aim: a gnoll sergeant, wielding a +2 spear of distortion, wearing a +0 scale mail and wearing a +0 buckler (heavily wounded, strong, 23% to evade)
The puff of flame hits the gnoll sergeant.
The gnoll sergeant is severely wounded.
The gnoll sergeant hits you from afar with a +2 spear of distortion.
Space bends around you.
Aiming: Throw Flame
Press: ? - help, Shift-Dir - straight line, f/p - gnoll sergeant
Aim: a gnoll sergeant, wielding a +2 spear of distortion, wearing a +0 scale mail and wearing a +0 buckler (severely wounded, strong, 23% to evade)
The puff of flame hits the gnoll sergeant.
The gnoll sergeant is almost dead.
The gnoll sergeant barely misses you.
The gnoll sergeant hits you from afar with a +2 spear of distortion.
Space bends around you.
Aiming: Throw Flame
Press: ? - help, Shift-Dir - straight line, f/p - gnoll sergeant
Aim: a gnoll sergeant, wielding a +2 spear of distortion, wearing a +0 scale mail and wearing a +0 buckler (almost dead, strong, 23% to evade)
The puff of flame hits the gnoll sergeant but does no damage.
The gnoll sergeant is almost dead.
The gnoll sergeant closely misses you.
Aiming: Throw Flame
Press: ? - help, Shift-Dir - straight line, f/p - gnoll sergeant
Aim: a gnoll sergeant, wielding a +2 spear of distortion, wearing a +0 scale mail and wearing a +0 buckler (almost dead, strong, 23% to evade)
The puff of flame hits the gnoll sergeant but does no damage.
The gnoll sergeant is almost dead.
The gnoll sergeant hits you from afar with a +2 spear of distortion.
Space warps horribly around you!!
* * * LOW HITPOINT WARNING * * *
The gnoll sergeant hits you but does no damage.
Space warps horribly around you!
You die...

...........................#
......................#...##*##
..........###..............#..#
).........#..........g........##
..........##......##.#h........#
##.......###....#.####.T....<.#*
#....[[...#.....#..##.........#
.....(.............#.........##
##.........#####@.##........##
#.##.......###..#.#......###
#!##............g.).(......#
*#...#...###......#/......O##
,........#*#.#..###........#**
........###..#..##...........*
........#...........#...#...##
.......##..#.#....####....###
...###......##....# *##....*


You could see a gnoll sergeant (strong).

Vanquished Creatures
  A starcursed mass (Abyss:1)
  A troll (D:6)
  Sigmund (D:6)
  A black bear (D:5)
  A necrophage (D:4)
  A phantom (D:5)
  2 scorpions
  3 wights (D:6)
  2 hounds
  A quasit (Abyss:1)
  A centaur skeleton (D:4)
  2 orc priests (D:6)
  A jelly (D:5)
  An iguana (D:3)
  2 orc wizards (D:6)
  Ijyb (D:5)
  A hound zombie (D:3)
  A howler monkey zombie (D:6)
  7 gnolls
  4 adders
  A white imp (D:6)
  An ufetubus (D:5)
  2 adder skeletons
  3 worms
  11 dart slugs
  5 orcs
  8 bats
  7 endoplasms
  A giant cockroach (D:2)
  2 goblins
  4 hobgoblins
  16 jackals
  3 quokkas
  9 ball pythons
  3 frilled lizards
  A jackal zombie (D:3)
  8 kobolds
  9 rats
129 creatures vanquished.

Vanquished Creatures (collateral kills)
  A hound (D:6)
  A gnoll (D:6)
  An adder (D:6)
3 creatures vanquished.

Vanquished Creatures (others)
  A fungus (D:6)
1 creature vanquished.

Grand Total: 133 creatures vanquished

Notes
Turn   | Place    | Note
-------+----------+-------------------------------------------
     0 | D:1      | jejorda2 the Merfolk Berserker began the quest for the Orb.
     0 | D:1      | Reached XP level 1. HP: 18/18 MP: 1/1
   298 | D:1      | Reached XP level 2. HP: 20/24 MP: 2/2
   364 | D:1      | Reached skill level 5 in Polearms
   610 | D:1      | Reached XP level 3. HP: 28/29 MP: 3/3
  1007 | D:2      | Reached ** piety under Trog
  1279 | D:2      | Reached XP level 4. HP: 32/37 MP: 4/4
  1422 | D:2      | Reached skill level 6 in Polearms
  1607 | D:2      | Found a basalt altar of Yredelemnul.
  1737 | D:2      | Found a blossoming altar of Fedhas.
  2032 | D:3      | Reached XP level 5. HP: 19/42 MP: 5/5
  2476 | D:3      | Found a glowing silver altar of Zin.
  2564 | D:3      | Reached skill level 7 in Polearms
  2873 | D:3      | Reached *** piety under Trog
  3066 | D:4      | Reached XP level 6. HP: 49/49 MP: 6/6
  3612 | D:4      | Noticed a necrophage
  3619 | D:4      | Killed a necrophage
  3620 | D:4      | Reached skill level 8 in Polearms
  3981 | D:5      | Entered Level 5 of the Dungeon
  4010 | D:5      | Identified the Disquisition on Clay
  4116 | D:5      | Found a staircase to the Ecumenical Temple.
  4179 | D:5      | Reached skill level 5 in Fighting
  4221 | D:5      | Noticed Ijyb
  4240 | D:5      | Killed Ijyb
  4241 | D:5      | Reached XP level 7. HP: 56/56 MP: 7/7
  4587 | D:5      | Found a hide-covered altar of Uskayaw.
  4587 | D:5      | Found a glowing golden altar of the Shining One.
  4808 | D:5      | Reached skill level 9 in Polearms
  4969 | D:5      | Reached **** piety under Trog
  4970 | D:5      | Found an iron altar of Okawaru.
  5190 | D:6      | Found a white marble altar of Elyvilon.
  5310 | D:6      | Reached XP level 8. HP: 64/64 MP: 8/8
  5329 | D:6      | Reached skill level 10 in Polearms
  5493 | D:6      | Noticed a troll
  5505 | D:6      | Cast into level 1 of the Abyss (gnoll sergeant)
  5598 | Abyss:1  | Noticed a starcursed mass
  5616 | Abyss:1  | Killed a starcursed mass
  5617 | Abyss:1  | Reached skill level 11 in Polearms
  5619 | D:6      | Escaped the Abyss
  5652 | D:6      | Reached skill level 12 in Polearms
  5660 | D:6      | Noticed Sigmund
  5668 | D:6      | Killed a troll
  5669 | D:6      | Reached XP level 9. HP: 69/69 MP: 9/9
  5679 | D:6      | Killed Sigmund
  5793 | D:6      | Slain by a gnoll sergeant

Illustrated notes

Levels and vault maps discovered:
D:1:      dpeg_arrival_yet_another_circle, layout_basic,
          minmay_misc_feat_more_columns
D:2:      layout_loops_ring, lemuel_coloured_pillars_altar,
          overflow_temple_1_default
D:3:      layout_loops_ring, nicolae_overflow_crystal_walls, serial_glass,
          glass_columns_a, glass_columns_b, glass_columns_a, glass_columns_c,
          minmay_divided_ellipse
D:4:      layout_basic
D:5:      layout_basic, okawaru_altar_gauntlet_db,
          gammafunk_temple_overflow_statue, temple_green, uniq_ijyb
D:6:      layout_cave_pools, elyvilon_altar_1, bloody_makhleb,
          grunt_nemelex_the_gamble, uniq_sigmund

Skill      XL: |  1  2  3  4  5  6  7  8 |
---------------+-------------------------+-----
Polearms       | 5 6 7 8 9 12 | 12.7
Armour         | 2 3 4 |  4.9
Fighting       | 4 5 6 |  6.0
Dodging        | |  2.6

Action                   |  1- 3 |  4- 6 |  7- 9 || total
-------------------------+-------+-------+-------++-------
Melee: Spear             |   131 |   250 |   125 ||   506
       Trident           |       |       |    95 ||    95
Invok: Berserk           |     1 |     4 |     5 ||    10
       Trog's Hand       |       |       |     2 ||     2
       Brothers in Arms  |       |       |     2 ||     2
Evoke: Wand              |       |       |    10 ||    10
  Use: Scroll            |       |       |    16 ||    16
 Stab: Sleeping          |     6 |     1 |       ||     7
Armor: Animal skin       |    14 |       |       ||    14
       Leather armour    |    15 |    43 |       ||    58
       Chain mail        |       |    24 |   114 ||   138
Dodge: Dodged            |    41 |    94 |    60 ||   195

Table legend: (Time is in decaauts)
 A = Elapsed time spent in this place.
 B = Non-inter-level travel time spent in this place.
 C = Inter-level travel time spent in this place.
 D = Time resting spent in this place.
 E = Time spent auto-exploring this place.
 F = Levels seen in this place.
 G = Mean time per level.
                   A        B        C        D        E       F      G
               +--------+--------+--------+--------+--------+-----+--------+
         Total |   5720 |   5494 |    226 |    251 |   4191 |   7 |  817.1 |
       Dungeon |   5607 |   5381 |    226 |    251 |   4191 |   6 |  934.5 |
         Abyss |    113 |    113 |      0 |      0 |      0 |   1 |  113.0 |
               +--------+--------+--------+--------+--------+-----+--------+

Top non-repeatable levels by time:
     D:5: 1110 daAuts
     D:2: 1089 daAuts
     D:1: 1037 daAuts
     D:4: 917 daAuts
     D:3: 908 daAuts
     D:6: 543 daAuts
 Abyss:1: 113 daAuts
